 Dungeon Crawl Stone Soup version 0.27-a0-972-gd1521fd518 (webtiles) character file.

Game seed: 6320076584027122683

80 snetch the Chopper (level 4, 0/41 HPs)
             Began as a Minotaur Berserker on Apr 13, 2021.
             Was a Believer of Trog.
             Slain by Jessica
             ... wielding a +0 club
              (3 damage)
             ... on level 3 of the Dungeon.
             The game lasted 00:03:22 (923 turns).

snetch the Chopper (Minotaur Berserker)              Turns: 923, Time: 00:03:24

Health: 0/41       AC:  6    Str: 23    XL:     4   Next: 18%
Magic:  3/3        EV: 10    Int:  4    God:    Trog [**....]
Gold:   30         SH:  0    Dex:  9    Spells: 3/3 levels left

rFire    . . .     SeeInvis .   a - +0 hand axe
rCold    . . .     Faith    .   (no shield)
rNeg     . . .     Spirit   .   e - +0 scale mail
rPois    .         Reflect  .   (helmet restricted)
rElec    .         Harm     .   (no cloak)
rCorr    +         Rampage  .   (no gloves)
Will     ++...                  (no boots)
Stlth    ..........             (no amulet)
HPRegen  1.13/turn              i - ring of resist corrosion
MPRegen  0.08/turn              (no ring)

@: lethally poisoned (0 -> -1), on berserk cooldown, regenerating, slowed, very
slow
A: horns 2, retaliatory headbutt
a: Renounce Religion, Berserk, Trog's Hand


You were on level 3 of the Dungeon.
You worshipped Trog.
Trog was pleased with you.
You visited 1 branch of the dungeon, and saw 3 of its levels.

You collected 30 gold pieces.

Inventory:

Hand Weapons
 a - a +0 hand axe (weapon)
Missiles
 g - 14 stones
Armour
 e - a +0 scale mail (worn)
Jewellery
 i - a ring of resist corrosion (left hand)
Scrolls
 b - a scroll of enchant weapon {unknown}
 c - a scroll of fear {unknown}
 d - 2 scrolls of magic mapping {unknown}
 j - a scroll of teleportation {unknown}
 k - a scroll of noise {unknown}
Potions
 f - a potion of heal wounds {unknown}
 h - a potion of curing {unknown}


   Skills:
 + Level 4.5 Fighting
 + Level 4.6 Axes
 + Level 3.1 Armour
 + Level 2.7 Dodging


You had 3 spell levels left.
You didn't know any spells.
Your spell library was empty.

Dungeon Overview and Level Annotations

Branches:
Dungeon (3/15)

Altars:

Annotations:
D:3 Jessica


Innate Abilities, Weirdness & Mutations

You have a pair of horns on your head.
You reflexively headbutt those who attack you in melee.


Message History

Trog accepts your kill. Robin throws the goblin at you!
The goblin hits you with a +0 club.
* * * LOW HITPOINT WARNING * * *
Jessica casts a spell.
Jessica blinks!
Your Armour skill increases to level 3!
You have reached level 4!
You feel stronger.
You hit the goblin.
You kill the goblin!
Trog accepts your kill.
You feel sick.
Unknown command.
You feel sick. The kobold barely misses you.
Items here: ! )))) / [ ††.
Unknown command.
You hit Robin.
Robin is lightly wounded.
You closely miss the kobold.
You feel sick. Robin hits you but does no damage.
The kobold hits you but does no damage.
You slash Robin! You headbutt Robin.
You kill Robin!
Trog accepts your kill.
You hit the kobold.
You kill the kobold!
Trog accepts your kill.
You are no longer berserk.
You are exhausted.
You feel yourself slow down.
* * * LOW HITPOINT WARNING * * *
You feel sick.
Your skin crawls.
You feel strong-willed.
You feel sick.
You closely miss Jessica. You headbutt Jessica.
Jessica is heavily wounded.
You feel sick. Jessica hits you with a +0 club.
* * * LOW HITPOINT WARNING * * *
Jessica hits you with a +0 club.
You die...

#.$ ... #.##..##
###.#.... ....
..### ... .... #
#.# ..#
#.##.##)##@.####.
#......).@)......
####.##)#######..
#..........
#########..


You could see Jessica.

Vanquished Creatures
  Ijyb (D:3)
  Robin (D:3)
  A worm (D:2)
  A dart slug (D:1)
  3 endoplasms (D:1)
  12 goblins
  4 hobgoblins
  2 jackals (D:1)
  3 kobolds
  A quokka (D:1)
  A ball python (D:1)
  A bat (D:1)
  2 frilled lizards (D:1)
  3 rats
36 creatures vanquished.

Notes
Turn   | Place    | Note
-------+----------+-------------------------------------------
     0 | D:1      | snetch the Minotaur Berserker began the quest for the Orb.
     0 | D:1      | Reached XP level 1. HP: 19/19 MP: 0/0
   208 | D:1      | Reached XP level 2. HP: 22/27 MP: 1/1
   900 | D:3      | Noticed Robin
   903 | D:3      | Noticed Ijyb
   906 | D:3      | Reached XP level 3. HP: 26/33 MP: 2/2
   906 | D:3      | Noticed Jessica
   911 | D:3      | Reached ** piety under Trog
   917 | D:3      | Killed Ijyb
   918 | D:3      | Reached XP level 4. HP: 12/41 MP: 3/3
   921 | D:3      | Killed Robin
   923 | D:3      | Slain by Jessica

Illustrated notes

Levels and vault maps discovered:
D:1:      pf_arrival_petrified_forest, layout_basic, minmay_pentomino_o2
D:2:      layout_basic, feat_on_display
D:3:      layout_loops_ring, hellmonk_ecumenical_altar_run_dry,
          uniq_crazy_yiuf_cottage, uniq_jessica, uniq_robin, uniq_ijyb

Skill      XL: |  1  2  3 |
---------------+----------+-----
Fighting       | 4 |  4.5
Axes           | 4 |  4.6
Armour         | 3 |  3.1
Dodging        | |  2.7

Action                   |  1- 3 |  4- 6 || total
-------------------------+-------+-------++-------
Melee: Hand axe          |    62 |     4 ||    66
       Headbutt          |     9 |     2 ||    11
Invok: Berserk           |     1 |       ||     1
       Trog's Hand       |       |     1 ||     1
Armor: Animal skin       |     5 |       ||     5
       Scale mail        |    27 |     2 ||    29
Dodge: Dodged            |    33 |     1 ||    34

Table legend: (Time is in decaauts)
 A = Elapsed time spent in this place.
 B = Non-inter-level travel time spent in this place.
 C = Inter-level travel time spent in this place.
 D = Time resting spent in this place.
 E = Time spent auto-exploring this place.
 F = Levels seen in this place.
 G = Mean time per level.
                   A        B        C        D        E       F      G
               +--------+--------+--------+--------+--------+-----+--------+
         Total |    927 |    916 |     11 |      0 |    691 |   3 |  309.0 |
       Dungeon |    927 |    916 |     11 |      0 |    691 |   3 |  309.0 |
               +--------+--------+--------+--------+--------+-----+--------+

Top non-repeatable levels by time:
     D:1: 578 daAuts
     D:2: 299 daAuts
     D:3: 49 daAuts
